Aethelfleda, chaotic female elven Priestess --------------- |.............. |.............| ------------- |..<....).....| -`.........`+ ----------.---- |..Bf.`.....| # |..@-.---...| ### |...|.{.|...| # #|..`|{.{|`..| ######### ## #....|.{.|...| ---.---- # #|...-----...| |.....%.#####################|..... ...| |.)....| # #|`.........`- |......| ---.--------- -------- Aethelfleda the Acolyte Experience level: 3 Strength: 13 Dexterity: 11 Constitution: 12 Intelligence: 12 Wisdom: 16 Charisma: 12 Health: 0(22) Energy: 32(32) Def: 4 Gold: 432 Moves: 1306 Dungeon seed: x1U6D0-mCBE1S2t6 Game ID: Aethelfleda_1528878440 Your Inventory: Coins $ - 432 gold pieces Weapons a - a blessed +1 mace (weapon in hand) r - an uncursed +0 trident Armor e - an uncursed +0 robe (being worn) h - an uncursed +0 small shield (being worn) q - a blessed +0 orcish helm (being worn) Comestibles c - an uncursed clove of garlic d - 3 uncursed sprigs of wolfsbane i - an uncursed holy moly Scrolls l - an uncursed scroll of destroy armor m - a blessed scroll of magic mapping p - a cursed scroll of identify Spellbooks f - an uncursed spellbook of identify g - an uncursed spellbook of detect monsters Potions b - 4 potions of holy water o - an uncursed potion of enlightenment s - an uncursed potion of sleeping Rings k - an uncursed ring of protection from shape changers t - an uncursed ring of polymorph control Wands j - an uncursed wand of cancellation (0:4) Tools n - an uncursed leather drum Spells and supernatural/magical abilities: Name Level Category Fail Memory n - detect monsters 1 divination 0% 94% I - identify 3 divination 97% 94% W - pray for help -- divine ? -- X - turn undead -- divine ? -- Your skills at the end: Fighting Skills Weapon Skills mace [Basic] Spellcasting Skills clerical spells [Basic] Final Attributes: You were piously aligned. You had infravision. You are dead. Vanquished creatures: 3 orc zombies a dwarf zombie 2 iguanas 5 giant rats a yellow mold a green mold a gnome zombie 2 geckos 4 jackals a goblin 2 sewer rats 3 grid bugs 3 lichens a kobold zombie 2 newts 32 creatures vanquished. Voluntary challenges: You were an atheist. You used a wielded weapon 34 times, starting on turn 79. You were illiterate. You never genocided any monsters. You never polymorphed an object. You never changed form. You used no wishes. You never split a pudding. You never wrote Elbereth's name. You never violated your personal moral code. Dungeon overview: The Dungeons of Doom: levels 1 to 5 Level 1 some fountains, a sink a long staircase Level 2 Level 3 a fountain Level 4 a fountain a long staircase Level 5 <- You were here many fountains History has recorded: On T:1 you entered the Dungeons of Doom to retrieve the Amulet of Yendor! On T:200 you reached level 2 of The Dungeons of Doom. On T:435 you reached level 3 of The Dungeons of Doom. On T:447 you advanced to experience level 2. On T:730 you reached level 4 of The Dungeons of Doom. On T:1010 you advanced to experience level 3. On T:1087 you reached level 5 of The Dungeons of Doom. Score breakdown: Gold: 432 ( 8968 points) Experience: 3 levels ( 7878 points) Exploration: 5 levels ( 10.20%) ( 8660 points) Discoveries: 0 items ( 0.00%) ( 0 points) Valuables value: (no points given unless you survive) Artifact value: 0 ( 0 points) Variety of kills: 15 monsters ( 3.94%) ( 5952 points) Turncount: 1306 turns ( 0 points) Survival: died (score multiplied by 80%) Total score: 25166 Latest messages: The giant bat turns to flee! Coco bites the gnome zombie. The gnome zombie misses Coco. Coco misses the gnome zombie. You stop searching. You start playing the leather drum. You beat a deafening row! The jackal turns to flee! You stop searching. You start playing the leather drum. You beat a deafening row! The Oracle turns to flee! You see here an uncursed statue of a plains centaur. (2x) The giant bat bites! The giant bat misses. You miss the giant bat. The giant bat bites! You miss the giant bat. The giant bat bites! (2x) You die... Final status: Goodbye Aethelfleda the Priestess, killed by a giant bat... You died in The Dungeons of Doom on dungeon level 5 with 25166 points, and 432 pieces of gold, after 1306 moves. You were level 3 with a maximum of 22 hit points when you died.